 Dungeon Crawl Stone Soup version 0.25.1-2-g60ff931df9 (webtiles) character file.

Game seed: 11500181901004708236

594 DearestLeader the Geomancer (level 7, 0/36 HPs)
             Began as a Gargoyle Earth Elementalist on Oct 13, 2020.
             Slain by an ogre
             ... wielding a +0 giant spiked club
              (15 damage)
             ... on level 4 of the Dungeon.
             The game lasted 00:05:36 (4300 turns).

DearestLeader the Geomancer (GrEE)                  Turns: 4300, Time: 00:05:37

Health: 0/36       AC:  6    Str: 12    XL:     7   Next: 39%
Magic:  10/11      EV: 12    Int: 17    God:
Gold:   198        SH:  0    Dex: 10    Spells: 6/12 levels left

rFire    . . .     SeeInvis .   l - +2 short sword (venom)
rCold    . . .     Gourm    .   (no shield)
rNeg     + . .     Faith    .   c - +0 robe
rPois    ∞         Spirit   .   (no helmet)
rElec    +         Reflect  .   (no cloak)
rCorr    .         Harm     .   (no gloves)
MR       .....                  (no boots)
Stlth    ++........             (no amulet)
HPRegen  0.12/turn              (no ring)
MPRegen  0.12/turn              (no ring)

@: no status effects
A: negative energy resistance 1, electricity resistance, unbreathing,
petrification resistance, rot immunity, AC +4
a: no special abilities


You were on level 4 of the Dungeon.
You were very hungry.

You visited 1 branch of the dungeon, and saw 4 of its levels.

You collected 198 gold pieces.

Inventory:

Hand Weapons
 f - a +0 dagger
 l - a +2 short sword of venom (weapon)
Missiles
 b - 163 stones (quivered)
Armour
 c - a +0 robe (worn)
 r - a +0 buckler
Jewellery
 y - an uncursed ring of protection from cold {unknown}
Scrolls
 a - 2 scrolls of enchant weapon {unknown}
 e - 2 scrolls of immolation {unknown}
 g - 4 scrolls of identify {unknown}
 k - 2 scrolls of blinking {unknown}
 m - 4 scrolls of random uselessness {unknown}
 u - 3 scrolls of magic mapping {unknown}
 w - a scroll of remove curse {unknown}
 x - a scroll of noise {unknown}
 z - a scroll of fear {unknown}
 C - a scroll of amnesia {unknown}
Potions
 h - a potion of resistance {unknown}
 i - 3 potions of curing {unknown}
 j - a potion of brilliance {unknown}
 n - a potion of heal wounds {unknown}
 o - 2 potions of flight {unknown}
 p - 2 potions of magic {unknown}
 q - a potion of haste {unknown}
 s - a potion of degeneration {unknown}
 t - 3 potions of might {unknown}
 v - a potion of mutation {unknown}
 B - a potion of invisibility {unknown}
Comestibles
 d - 4 rations


   Skills:
 - Level 1.5 Dodging
 - Level 2.1 Stealth
 + Level 3.1 Spellcasting
 - Level 0.7 Transmutations
 * Level 9.4 Earth Magic


You had 6 spell levels left.
You knew the following spells:

 Your Spells              Type           Power        Failure   Level  Hunger
a - Sandblast             Erth           ####..       1%          1    None
b - Passwall              Tmut/Erth      ###.....     3%          2    ##.....
c - Stone Arrow           Conj/Erth      ###...       8%          3    ###....

Your spell library contained the following spells:

 Spells                   Type           Power        Failure   Level  Hunger
 Lee's Rapid Deconstruct  Erth           ####......   10%         5    ######.
 Petrify                  Tmut/Erth      ###.....     22%         4    ####...


Dungeon Overview and Level Annotations

Branches:
Dungeon (4/15)
 Temple: D:4-7

Altars:
Cheibriados
Fedhas
Gozag
Hepliaklqana
Okawaru
Uskayaw
Wu Jian
Xom
Zin
The Shining One


Innate Abilities, Weirdness & Mutations

You are resistant to torment.
Your stone body is resilient. (AC +4)
You are immune to poison.
You resist negative energy. (rN+)
You are resistant to electric shocks. (rElec)
You can survive without breathing.
You are immune to petrification.
You are immune to rotting.


Message History

You kill the iguana!
An ogre comes into view. It is wielding a +0 giant spiked club.
The ogre shouts!
You hit the ogre.
The ogre is poisoned.
The ogre is lightly wounded.
The ogre closely misses you.
You barely miss the ogre.
The ogre is lightly wounded.
The ogre hits you with a +0 giant spiked club!
The ogre hits you with a +0 giant spiked club!
Casting: Sandblast (safe; 1% risk of failure)
Confirm with . or Enter, or press ? or * to list all spells.
Aiming: Sandblast (safe; 1% risk of failure)
Press: ? - help, Shift-Dir - straight line, f - ogre
Aim: an ogre, wielding a +0 giant spiked club (moderately wounded, poisoned)
The blast of sand misses the ogre.
b - 163 stones You are feeling very hungry.
The ogre hits you with a +0 giant spiked club!
You die...

## # .# # .# # .#
######
##################
#.....
.................#
#.####
#######.....####.#
#.# ......'.....# #.#
#####.####
.######.....# #@#
#.....#8.. .# #.....#
#O# #.#####_.. .#
###'######.#### #.#
#8..
.########.##........#
#^# ####
.......##.##........#
#.# #.
.#####.##.##.....%..#
#.# #. .#
#.##.##........#
##.#######. .#
#.##.######.####
#..........
.#####.##.# #.#
#..........


You could see an ogre (poisoned).

Vanquished Creatures
  A phantom (D:4)
  A black bear (D:2)
  A bullfrog (D:4)
  2 scorpions
  A hound (D:4)
  An orc priest (D:3)
  An iguana (D:4)
  2 worker ants
  4 adders
  2 worms (D:2)
  A dart slug (D:2)
  A leopard gecko (D:1)
  6 orcs (D:3)
  4 bats
  6 giant cockroaches
  11 goblins
  8 hobgoblins
  8 jackals
  2 quokkas
  10 kobolds
  A quokka skeleton (D:4)
  8 rats
82 creatures vanquished.

Notes
Turn   | Place    | Note
-------+----------+-------------------------------------------
     0 | D:1      | DearestLeader the Gargoyle Earth Elementalist began the
                  | quest for the Orb.
     0 | D:1      | Reached XP level 1. HP: 10/10 MP: 3/3
    41 | D:1      | Reached skill level 4 in Earth Magic
   268 | D:1      | Reached XP level 2. HP: 13/15 MP: 5/5
   935 | D:1      | Reached skill level 5 in Earth Magic
   935 | D:1      | Reached XP level 3. HP: 19/19 MP: 6/6
   951 | D:1      | Learned a level 2 spell: Passwall
   955 | D:1      | Learned a level 3 spell: Stone Arrow
  1555 | D:2      | Found an ornate altar of the Wu Jian Council.
  1558 | D:2      | Noticed a black bear
  1573 | D:2      | Killed a black bear
  1573 | D:2      | Reached skill level 7 in Earth Magic
  1573 | D:2      | Reached XP level 4. HP: 20/24 MP: 2/7
  1573 | D:2      | Reached XP level 5. HP: 24/28 MP: 2/8
  1659 | D:2      | Found a blossoming altar of Fedhas.
  1687 | D:2      | Found a hide-covered altar of Uskayaw.
  1879 | D:2      | Found a shimmering altar of Xom.
  2125 | D:3      | Found an iron altar of Okawaru.
  2125 | D:3      | Found a glowing silver altar of Zin.
  2125 | D:3      | Found a hazy altar of Hepliaklqana.
  2237 | D:3      | Reached skill level 8 in Earth Magic
  2237 | D:3      | Reached XP level 6. HP: 32/32 MP: 3/9
  3327 | D:4      | Noticed a phantom
  3333 | D:4      | Killed a phantom
  3333 | D:4      | Reached skill level 9 in Earth Magic
  3333 | D:4      | Reached XP level 7. HP: 33/36 MP: 5/10
  3395 | D:4      | Found an opulent altar of Gozag.
  3488 | D:4      | Found a snail-covered altar of Cheibriados.
  3731 | D:4      | Found a glowing golden altar of the Shining One.
  4300 | D:4      | Slain by an ogre

Illustrated notes

Levels and vault maps discovered:
D:1:      giann_bridges, layout_loops_ring, minmay_pentomino_r4
D:2:      layout_rooms, old_standard_altar, tgw_xom, overflow_temple_1_default,
          lemuel_crystal_altar
D:3:      layout_loops_ring, gammafunk_temple_overflow_forgotten,
          chequers_decorated_corner
D:4:      layout_basic, kennysheep_little_box, grunt_gozag_breadcrumbs,
          lemuel_doored_altar

Skill      XL: |  1  2  3  4  5  6  7 |
---------------+----------------------+-----
Earth Magic    | 4 5 7 8 9 |  9.4
Spellcasting   | 3 |  3.1
Dodging        | |  1.5
Stealth        | |  2.1
Transmutations | |  0.7

Action                   |  1- 3 |  4- 6 |  7- 9 || total
-------------------------+-------+-------+-------++-------
Melee: Unarmed           |    14 |       |       ||    14
       Dagger            |    23 |       |       ||    23
       Short sword       |    56 |   106 |    32 ||   194
 Cast: Sandblast         |     7 |     9 |     2 ||    18
 Stab: Sleeping          |     5 |     3 |       ||     8
  Eat: Chunk             |     2 |     6 |     2 ||    10
Armor: Robe              |    25 |    31 |     9 ||    65
Dodge: Dodged            |    42 |    71 |    16 ||   129
